 Dungeon Crawl Stone Soup version 0.17-a0-1842-gacc33f2 (webtiles) character file.

1023613 4thArraOfDagon the Necromancer (level 27, -12/289 HPs)
             Began as a Troll Chaos Knight on Sept 16, 2015.
             Was the Champion of Cheibriados.
             Mangled by a freezing wraith (13 damage)
             ... created by the effects of Hell
             ... while paralysed by Ereshkigal
             ... on level 7 of Tartarus on Sept 17, 2015.
             The game lasted 04:16:07 (28325 turns).

4thArraOfDagon the Necromancer (TrCK)              Turns: 28325, Time: 04:16:07

Health: -12/289    AC: 27    Str: 60 (61) XL:     27
Magic:  19/34      EV:  1    Int: 31 (41) God:    Cheibriados [******]
Gold:   1814       SH:  0    Dex: 20 (22) Spells: 11 memorised, 5 levels left

rFire  + . .     SeeInvis +       - Unarmed
rCold  . . .     Clarity  +     (armour currently unavailable)
rNeg   + + +     SustAt   .     A - +0 large shield of Freedom {rElec Str+9 Int-2}
rPois  ∞         Gourm    +     I - +3 hat of Pondering {ponderous, MR+ MP+10 Int+5}
rElec  +         Spirit   .     s - +2 cloak "Kianem" {Slay+6 SInv}
rCorr  .         Warding  .     (gloves unavailable)
rMut   .         Stasis   .     (boots unavailable)
MR     +++..                    g - amulet of Grace {Clar Int+7}
Stlth  ++........               O - ring "Zojuch" {+Inv +Fly rPois rF+ rN+}
                                v - ring "Kimaunop" {rElec rN+ AC-2 Str+4 Int-3}

@: paralysed, mighty, statue-form, regenerating, silenced, repel missiles, very
slow, extremely resistant to hostile enchantments, unstealthy
A: unfitting armour, claws 3, (icy blue scales 0), berserk 2, blurry vision 3,
clever 1, deformed body, deterioration 2, fast metabolism 3, frail 2, gourmand,
low mp 3, regeneration 2, screaming 1, (shaggy fur 0), spit poison 1, (tough
skin 0), weak 1, subdued magic 1, MP-powered wands
a: Spit Poison, End Transformation, Renounce Religion, Evoke Invisibility, Evoke
Flight
}: 13/15 runes: serpentine, barnacled, slimy, silver, golden, iron, obsidian,
abyssal, demonic, glowing, magical, fiery, dark


You were on level 7 of Tartarus.
You worshipped Cheibriados.
Cheibriados was exalted by your worship.
You were very full.
You were a stone statue.
You visited 16 branches of the dungeon, and saw 81 of its levels.
You visited Pandemonium 2 times, and saw 20 of its levels.
You visited the Abyss 1 time.
You also visited: Labyrinth.

You collected 3534 gold pieces.
You spent 1720 gold pieces at shops.

Inventory:

Missiles
 a - 6 throwing nets
 R - 27 large rocks (quivered)
Armour
 d - a +2 robe of the Archmagi (melded)
 s - the +2 cloak "Kianem" (worn) {Slay+6 SInv}
   (You acquired it on level 5 of the Vaults)

   It affects your accuracy and damage with ranged weapons and melee attacks
   (+6).
   It lets you see invisible.
 A - the +0 large shield of Freedom (worn) {rElec Str+9 Int-2}
   (You acquired it on level 5 of the Vaults)

   It affects your strength (+9).
   It affects your intelligence (-2).
   It insulates you from electricity.
 I - the +3 hat of Pondering (worn) {ponderous, MR+ MP+10 Int+5}
   (You found it on level 3 of the Elven Halls)

   It affects your intelligence (+5).
   It affects your resistance to hostile enchantments.
   It affects your magic capacity (+10).
Magical staves
 H - an uncursed staff of energy {!a}
 V - an uncursed staff of wizardry {!a}
Jewellery
 g - the amulet of Grace (around neck) {Clar Int+7}
   (You found it on level 13 of the Dungeon)

   [amulet of clarity]

   It provides mental clarity.
   It affects your intelligence (+7).
 h - an uncursed amulet of regeneration
 l - an uncursed ring of protection from cold
 u - the ring of Gozag's Supremacy {+Fly MR+ MP+9 Stlth-}
   (You found it on level 10 of the Dungeon)

   [ring of magical power]

   It affects your resistance to hostile enchantments.
   It affects your magic capacity (+9).
   It lets you fly.
   It makes you less stealthy.
 v - the ring "Kimaunop" (left claw) {rElec rN+ AC-2 Str+4 Int-3}
   (You found it on level 3 of the Elven Halls)

   [ring of protection]

   It affects your AC (-2).
   It affects your strength (+4).
   It affects your intelligence (-3).
   It insulates you from electricity.
   It protects you from negative energy.
 B - the ring of the Lizard {SustAt Int+2}
   (You found it on level 6 of the Pits of Slime)

   [ring of sustain attributes]

   It sustains your strength, intelligence and dexterity.
   It affects your intelligence (+2).
 E - an uncursed ring of protection from fire
 F - an uncursed amulet of resist corrosion
 O - the ring "Zojuch" (right claw) {+Inv +Fly rPois rF+ rN+}
   (You found it in Pandemonium)

   [ring of protection from fire]

   It protects you from fire.
   It protects you from poison.
   It protects you from negative energy.
   It lets you turn invisible.
   It lets you fly.
 P - the ring of the Priest {rC+ Str+3 Dex+3}
   (You took it off a vault sentinel on level 4 of the Vaults)

   [ring of dexterity]

   It affects your strength (+3).
   It affects your dexterity (+3).
   It protects you from cold.
 S - the ring "Naahirgh" {MR++ EV+4}
   (You took it off a deep elf knight on level 3 of the Elven Halls)

   [ring of evasion]

   It affects your evasion (+4).
   It affects your resistance to hostile enchantments.
Magical devices
 e - a wand of digging (6)
 o - a wand of disintegration (14)
 q - a wand of teleportation (0)
 Z - a wand of disintegration (5)
Scrolls
 f - 8 scrolls of remove curse
 i - 6 scrolls of fear
 t - 5 scrolls of identify
 C - 4 scrolls of summoning
 G - a scroll of teleportation
 J - a scroll of blinking
 K - 2 scrolls of silence
 N - a scroll of magic mapping
 Q - 9 scrolls of fog
 U - a scroll of enchant armour
 X - 3 scrolls of holy word
Potions
 k - 2 potions of magic
 n - 9 potions of lignification
 p - 5 potions of cancellation
 D - 3 potions of resistance
 L - 4 potions of heal wounds
 M - 5 potions of agility
 T - 20 potions of curing
 W - 3 potions of brilliance
Miscellaneous
 j - a fan of gales
 r - a lamp of fire
 w - a sack of spiders {used: 1}
 x - 3 phantom mirrors
 y - a box of beasts {used: 4}
 z - a legendary deck of defence {the Potion}
 Y - a phial of floods
Comestibles
 b - 24 bread rations
 c - 4 meat rations


   Skills:
 * Level 17.3 Fighting
 - Level 16.2 Dodging
 - Level 15.0 Shields
 - Level 17.2 Unarmed Combat
 - Level 10.0 Spellcasting
 - Level 15.4 Charms
 - Level 17.7 Necromancy
 - Level 15.5 Translocations
 - Level 9.0 Transmutations
 - Level 11.0 Earth Magic
 - Level 11.0 Invocations
 - Level 3.2 Evocations


You had 5 spell levels left.
You knew the following spells:

 Your Spells              Type           Power        Failure   Level  Hunger
a - Condensation Shield   Ice            ##........   21%         4    None
b - Statue Form           Trmt/Erth      ######...    4%          6    #####..
c - Repel Missiles        Chrm/Air       #####.       1%          2    None
d - Blink                 Tloc           N/A          0%          2    None
e - Regeneration          Chrm/Necr      ######....   0%          3    None
f - Animate Skeleton      Necr           N/A          0%          1    None
g - Stoneskin             Trmt/Erth      ######..     0%          2    None
h - Apportation           Tloc           ######....   0%          1    None
i - Controlled Blink      Tloc           N/A          2%          7    ######.
j - Phase Shift           Tloc           ######....   1%          5    ###....
k - Death's Door          Chrm/Necr      ######....   13%         8    #######


Dungeon Overview and Level Annotations

Branches:
Dungeon (15/15)            Temple (1/1) D:4            Lair (8/8) D:10
 Shoals (4/4) Lair:6        Snake (4/4) Lair:6        Slime (6/6) Lair:6
    Orc (4/4) D:12            Elf (3/3) Orc:4        Vaults (5/5) D:13
  Crypt (3/3) Vaults:3       Tomb (3/3) Crypt:3      Depths (3/5) D:15
   Hell (1/1)                 Dis (7/7) Hell            Geh (7/7) Hell
    Tar (7/7) Hell
    Coc: Hell:1

Altars:
Ashenzari
Cheibriados
Dithmenos
Nemelex Xobeh
Okawaru
Qazlal
Ru
Trog
Vehumet
Xom
Yredelemnul
Zin
The Shining One
Beogh
Jiyva

Shops:
D:4 *   D:5 :   D:14 }(   Orc:4 :*[(   Elf:2 *   Vaults:2 *   Vaults:3 (([[
Vaults:4 [*[

Portals:
Hell: Depths:3
Abyss: Depths:1 Depths:2
Pandemonium: Depths:3

Annotations:
Snake:4 exclusion: oklob plant
Slime:3 Dissolution
Elf:2 3 runed doors
Vaults:4 STARLIGHT
Tar:7 Ereshkigal


Innate Abilities, Weirdness & Mutations

You are too large for most types of armour.
You have claws for hands.
Your metabolism is lightning-fast.
You like to eat raw meat.
You heal very quickly.
((You are covered in fur (AC +1).))
((You have very tough skin (AC +2).))
((You are partially covered in icy blue scales (AC +1).))
You often lose your temper in combat.
Scrolls take you much longer to read.
Your mind is acute. (Int +2)
Armour fits poorly on your strangely shaped body.
Your body often deteriorates upon taking damage.
You are very frail (-20% HP).
Your magical capacity is extremely low (-30% MP).
You occasionally shout uncontrollably at your foes.
You can spit weak poison.
You are weak. (Str -2)
Your spells are a little easier to cast, but a little less powerful.
You expend magic power (3 MP) to strengthen your wands.


Message History

You feel a strong urge to shout, but you are unable to make a sound!
A necrophage and a freezing wraith come into view.
Ereshkigal gestures.
Ereshkigal calls on the powers of darkness!
Your body is wracked with pain!
* * * LOW HITPOINT WARNING * * *
The reaper hits you from afar with a scythe of protection!!
* * * LOW HITPOINT WARNING * * *
Ereshkigal calls on the powers of darkness!
Your body is wracked with pain!
* * * LOW HITPOINT WARNING * * *
Ereshkigal hits you.
* * * LOW HITPOINT WARNING * * *
The balrug hits you but does no damage.
The reaper hits you from afar with a scythe of protection!
* * * LOW HITPOINT WARNING * * *
The freezing wraith hits you.
* * * LOW HITPOINT WARNING * * *
The freezing wraith freezes you!
You die...

...#### ### ### .###.'.
##..####.## ## #.## .
#....##...## #[|#... ..
#....#.))).# [)###.
#..#....#..#))######..#.
#..........#...#...#..##
#.....W..##...#'#.###..
###''28#####)##)#...#..
#....3&n.# #....#.#.#..
#.....2..# #....#.#.###
#........# #.)..#.#...'
##......## #....#.##.##
#......# ##.#.#..#..#
##....## #.#.##.##..
##''## #.#2. #. #.##.# #


You could see Ereshkigal, a reaper, a balrug, a soul eater, a freezing wraith
and a necrophage.

Vanquished Creatures
  Asmodeus (Geh:7)
  the royal jelly (Slime:6)
  Gloorx Vloq (Pan)
  the Serpent of Hell (Dis:7)
  Mnoleg (Pan)
  Lom Lobon (Pan)
  An ancient lich (Vaults:5)
  Dispater (Dis:7)
  Mara (Snake:3)
  10 greater mummies
  Boris (Vaults:4)
  Frederick (Tomb:1)
  6 pandemonium lords (Pan)
  Saint Roka (Vaults:3)
  Geryon (Hell)
  3 golden dragons
  5 bone dragons
  23 Brimstone Fiends
  4 hellephants
  4 tentacled monstrosities
  Rupert (Orc:4)
  12 Hell Sentinels
  4 Ice Fiends
  A quicksilver dragon (Vaults:5)
  2 deep elf blademasters (Elf:3)
  13 Shadow Fiends
  10 liches
  2 deep elf master archers (Elf:3)
  5 titans
  Murray (Hell)
  10 sphinxes
  5 tentacled starspawn
  2 ancient champions (Hell)
  20 Executioners
  17 acid blobs
  3 shadow dragons
  2 storm dragons
  3 tengu reavers
  3 revenants
  Roxanne (Shoals:2)
  A daeva (Abyss:2)
  5 azure jellies
  Ilsuiw (Shoals:4)
  5 greater nagas (Snake:4)
  8 fire giants
  14 iron dragons
  10 vault wardens
  Louise (Shoals:1)
  3 frost giants
  6 deep elf sorcerers
  2 orc warlords
  27 balrugs
  A draconian zealot (Abyss:4)
  3 curse skulls
  25 cacodemons
  5 warmongers (Pan)
  47 reapers
  2 ghouls (Crypt:1)
  4 draconian annihilators (Pan)
  11 stone giants
  23 war gargoyles
  An ophan (Abyss:2)
  17 ironheart preservers
  A vampire knight (Vaults:3)
  5 very ugly things
  34 large abominations
  5 dire elephants (Abyss:4)
  3 blood saints (Pan)
  5 salamander firebrands
  6 bennus
  A chaos champion (Pan)
  8 lorocyprocas
  10 deep elf annihilators
  Azrael (Elf:2)
  3 salamander stormcallers
  9 deep elf demonologists
  2 corrupters (Pan)
  2 black suns (Pan)
  4 eidola
  6 merfolk javelineers (Shoals:4)
  2 fire dragons
  6 death oozes
  29 vault guards
  23 mummy priests
  9 blizzard demons
  9 yaktaur captains
  4 merfolk impalers
  10 deep elf death magi
  2 jiangshi (Crypt:1)
  12 green deaths
  A spectral kraken (Tar:7)
  A minotaur (Lab)
  3 deep elf high priests
  Josephine (Orc:1)
  14 ogre magi
  7 ettins
  4 quicksilver dragon zombies
  Fannar (Orc:2)
  A ghost crab (Abyss:4)
  2 entropy weavers
  Harold (Orc:3)
  10 naga warriors
  A ghost crab (shapeshifter) (Depths:2)
  3 quicksilver dragon skeletons
  6 great orbs of eyes
  5 monstrous demonspawn (Pan)
  2 hydras
  2 rakshasas
  6 hell beasts
  4 ice dragons
  Erolcha (Orc:2)
  2 dancing weapons (Elf:2)
  4 anacondas
  6 centaur warriors
  A satyr (Shoals:4)
  4 merfolk aquamancers
  An alligator (Elf:2)
  3 tengu warriors
  2 death knights (Vaults:3)
  2 vampire magi
  5 deep troll shamans
  6 shock serpents
  7 thrashing horrors
  4 titan zombies
  Urug (Orc:2)
  41 sun demons
  12 hell hogs
  4 orc high priests (Orc:4)
  4 storm dragon zombies
  9 naga sharpshooters
  3 fire crabs
  15 deep elf knights
  Nergalle (D:11)
  9 iron golems
  2 deep troll earth magi
  A fire crab (shapeshifter) (Vaults:4)
  4 wretched stars
  21 soul eaters
  9 ice devils
  3 titan skeletons
  2 death scarabs (Tomb:2)
  A death drake (Tar:6)
  9 iron trolls (Dis:7)
  9 shadow wraiths
  12 flayed ghosts
  4 storm dragon skeletons
  67 skeletal warriors
  22 hell knights
  7 infernal demonspawn
  2 spatial maelstroms (Abyss:3)
  4 ghost moth zombies
  2 ball lightnings (Pan)
  A sea snake (shapeshifter) (Vaults:4)
  2 giant orange brains
  A salamander mystic (Geh:6)
  4 golden dragon zombies
  4 anaconda zombies
  9 phantasmal warriors
  25 shadow demons
  An unseen horror (D:11)
  15 sea snakes
  14 deep trolls
  5 shadow dragon zombies
  6 naga ritualists
  3 deep elf summoners
  9 ironbrand convokers
  10 orc knights
  5 necromancers
  16 small abominations
  Pikel (D:5)
  7 gelid demonspawn (Pan)
  A golden dragon skeleton (Pan)
  7 wizards
  3 wolf spider zombies
  5 torturous demonspawn (Pan)
  2 hill giants
  23 anubis guards
  4 anaconda skeletons
  An orb spider (Abyss:4)
  5 putrid demonspawn (Pan)
  29 harpies
  6 griffons
  3 iron dragon zombies
  5 wolf spiders
  5 mana vipers
  40 ugly things
  12 deep elf conjurers
  8 fire giant zombies
  3 cyclopes
  7 orc sorcerers
  2 shadow dragon skeletons
  2 stone giant zombies
  An anubis guard (shapeshifter) (Vaults:4)
  6 frost giant zombies
  3 hornets
  7 fauns
  12 salamanders
  5 shining eyes
  27 sixfirhies
  5 manticores (Shoals:4)
  7 water nymphs (Shoals:4)
  18 black mambas
  A worldbinder (Abyss:4)
  3 stone giant skeletons
  5 gargoyles
  3 iron dragon skeletons
  10 vault sentinels
  A dire elephant zombie (Tar:6)
  3 elephants
  38 rust devils
  6 eyes of devastation
  A fire giant skeleton (Geh:7)
  2 frost giant skeletons
  7 sirens
  An apocalypse crab (Abyss:3)
  31 smoke demons
  23 orange demons
  43 hellions
  3 guardian serpents
  A shock serpent skeleton (Tar:7)
  6 spectral swamp worms (Tar:7)
  17 naga magi
  3 spiny frogs (Lair:8)
  11 molten gargoyles (Geh:7)
  4 emperor scorpion zombies
  4 dire elephant skeletons
  13 efreet
  A redback zombie (D:14)
  A catoblepas zombie (Geh:2)
  10 demonic crawlers
  36 yaktaurs
  A spiny frog (shapeshifter) (Abyss:3)
  A fire drake (shapeshifter) (Vaults:2)
  14 freezing wraiths
  2 kobold demonologists (D:15)
  31 red devils
  51 orc warriors
  2 silent spectres (Tar:7)
  11 deep elf priests
  A tengu conjurer (Depths:2)
  28 guardian mummies
  30 tormentors
  12 ancient zymes
  5 hydra zombies
  2 harpy zombies
  19 merfolk
  38 hellwings
  4 wind drakes
  11 blue devils
  5 trolls
  A tengu simulacrum (Depths:3)
  35 slime creatures
  Grinder (D:3)
  26 two-headed ogres
  2 hydra skeletons
  8 ushabtiu
  A two-headed ogre (shapeshifter) (Vaults:3)
  6 boulder beetles
  5 snapping turtles
  17 raiju
  4 ettin zombies
  4 water elementals
  50 flying skulls
  7 fire dragon skeletons
  2 fire dragon zombies
  5 vampires
  14 fire elementals
  A spriggan simulacrum (Depths:3)
  A trapdoor spider (shapeshifter) (Vaults:3)
  17 yaks
  Sigmund (D:3)
  An alligator skeleton (Tar:6)
  3 tarantellas
  A black mamba zombie (Tar:3)
  50 starcursed masses
  A human (shapeshifter) (Vaults:2)
  12 redbacks
  14 ynoxinuls
  An ettin skeleton (Geh:7)
  31 neqoxecs
  18 deep elf fighters
  24 wraiths
  A black mamba skeleton (Tar:7)
  6 golden eyes
  22 humans
  21 shadows
  3 wolves (D:9)
  9 chaos spawn
  23 deep elf magi
  Grum (D:9)
  4 vampire mosquitoes
  24 hungry ghosts
  A steam dragon (D:12)
  2 spatial vortices (Abyss:3)
  A yaktaur simulacrum (Vaults:3)
  A mottled dragon (Vaults:1)
  A hydra simulacrum (Hell)
  6 hippogriffs
  2 porcupines
  32 nagas
  4 wargs
  A merfolk skeleton (Tar:7)
  6 spiny frog zombies
  A soldier ant (D:14)
  33 hell hounds
  A spider (Lair:8)
  5 water moccasins
  A spiny frog skeleton (Geh:7)
  A black bear (D:6)
  17 necrophages
  48 ogres
  7 phantoms
  The ghost of 4thArraOfDagon the Ruffian, an average CeBe of Trog (D:5)
  4 ice beasts
  2 wasps (Lair:8)
  8 eyes of draining
  A snapping turtle zombie (Crypt:3)
  A swamp dragon zombie (Geh:7)
  10 centaurs
  A manticore zombie (Tar:3)
  A snapping turtle skeleton (Dis:3)
  3 swamp dragon skeletons
  A manticore skeleton (Abyss:1)
  3 crocodiles
  A fire drake zombie (Crypt:2)
  4 big kobolds
  A wyvern zombie (D:14)
  6 giant frogs
  An elf skeleton (Geh:7)
  2 earth elementals
  A wyvern skeleton (Crypt:3)
  2 scorpions
  A troll zombie (Dis:3)
  A spriggan zombie (Crypt:2)
  26 wights
  10 killer bees
  A troll skeleton (Tar:2)
  An electric eel (D:11)
  10 crimson imps
  3 centaur zombies
  5 hounds
  26 jellies
  6 centaur skeletons
  28 iron imps
  A giant frog zombie (Crypt:1)
  Ijyb (D:3)
  An iguana (shapeshifter) (Elf:2)
  3 iguanas
  9 worker ants
  30 orc wizards
  29 orc priests
  8 hell rats (Hell)
  7 sheep
  A naga zombie (Tar:5)
  2 ogre zombies
  23 mummies
  A tengu skeleton (Tar:7)
  A worker ant zombie (D:11)
  5 river rats (Lair:7)
  12 adders
  7 gnolls
  18 shadow imps
  A giant eyeball (Abyss:4)
  5 white imps
  4 ufetubi
  2 oozes
  An adder skeleton (D:7)
  An adder zombie (D:7)
  4 worms
  196 orcs
  A giant cockroach (D:4)
  12 goblins
  7 hobgoblins
  10 jackals
  3 quokkas
  A ball python (D:3)
  4 bats
  A giant gecko skeleton (D:4)
  A giant gecko zombie (D:6)
  5 giant newts
  A gnoll zombie (Crypt:1)
  13 kobolds
  A rat (D:3)
  2 blocks of ice (Pan)
  2 plants
  2 starspawn tentacles
  A starspawn tentacle segment (Abyss:3)
  3 tentacles (Tar:7)
3243 creatures vanquished.

Vanquished Creatures (collateral kills)
  A red devil (Pan)
  A giant gecko (D:6)
2 creatures vanquished.

Vanquished Creatures (others)
  A pandemonium lord (Pan)
  3 liches (Pan)
  2 eldritch tentacles
  A tengu reaver (Vaults:4)
  An ancient champion (Tomb:2)
  A cacodemon (Pan)
  A deep elf annihilator (Pan)
  2 rakshasas
  A wretched star (Abyss:2)
  A titan skeleton (Geh:7)
  7 ball lightnings (Pan)
  2 death scarabs (Tomb:2)
  3 giant orange brains
  A deep elf summoner (Elf:2)
  A sea snake (Shoals:4)
  2 wizards (Pan)
  2 ugly things (Vaults:5)
  A stone giant zombie (Dis:7)
  A sixfirhy (Pan)
  A fire giant skeleton (Tomb:2)
  A hellwing (Pan)
  A yaktaur (Vaults:5)
  A guardian mummy (Tomb:2)
  2 red devils (Pan)
  3 flying skulls (Geh:7)
  A wraith (Geh:7)
  A water elemental (Depths:3)
  A redback (Vaults:5)
  A neqoxec (Pan)
  2 slaves (D:4)
  A necrophage (Geh:2)
  2 small abominations (Abyss:4)
  An ogre (Vaults:5)
  A crimson imp (Abyss:3)
  An orc priest (Vaults:5)
  An iron imp (Dis:7)
  3 mummies (Tomb:2)
  2 orcs
  A block of ice (Pan)
  177 eldritch tentacle segments
  A fire vortex (Vaults:5)
  7 fungi
  A lost soul (Crypt:1)
  2 lurking horrors
  5 plants
  12 starspawn tentacles
  109 starspawn tentacle segments
  11 tentacles (Tar:7)
  155 tentacle segments (Tar:7)
542 creatures vanquished.

Grand Total: 3787 creatures vanquished

Notes
Turn   | Place    | Note
--------------------------------------------------------------
     0 | D:1      | 4thArraOfDagon the Troll Chaos Knight began the quest for the Orb.
     0 | D:1      | Reached XP level 1. HP: 22/22 MP: 0/0
    37 | D:1      | XOM: harmless Chrm miscast
    41 | D:1      | XOM: potion effect (invisibility)
   110 | D:1      | XOM: divination: detect items
   125 | D:1      | Reached XP level 2. HP: 29/29 MP: 1/1
   145 | D:1      | XOM: smoke on damage
   250 | D:3      | Reached XP level 3. HP: 36/36 MP: 2/2
   398 | D:3      | Noticed Grinder
   423 | D:3      | Paralysed by Grinder for 3 turns
   426 | D:3      | XOM: divination: magic mapping
   433 | D:3      | Killed Grinder
   433 | D:3      | Reached skill level 5 in Unarmed Combat
   433 | D:3      | Reached XP level 4. HP: 42/45 MP: 3/3
   433 | D:3      | Reached XP level 5. HP: 49/53 MP: 4/4
   452 | D:3      | Reached XP level 6. HP: 59/61 MP: 5/5
   476 | D:3      | Noticed Sigmund
   488 | D:3      | Killed Sigmund
   572 | D:3      | Noticed Ijyb
   583 | D:3      | XOM: harmless Tloc miscast
   596 | D:3      | XOM: silly message
   605 | D:3      | XOM: summons friendly ufetubus
   607 | D:3      | XOM: harmless Trmt miscast
   620 | D:3      | XOM: swap monsters
   629 | D:3      | Killed Ijyb
   694 | D:3      | Found a shattered altar of Ashenzari.
   737 | D:4      | Noticed Pikel
   737 | D:4      | XOM: confuse monster(s)
   741 | D:4      | XOM: give mutations
   741 | D:4      | Gained mutation: You are partially covered in icy blue scales (AC +1). [Xom's grace]
   741 | D:4      | Gained mutation: Your mind is acute. (Int +2) [Xom's grace]
   741 | D:4      | Gained mutation: Your mind is very acute. (Int +4) [Xom's grace]
   741 | D:4      | Gained mutation: You are somewhat resistant to further mutation. [Xom's grace]
   760 | D:4      | Reached skill level 6 in Unarmed Combat
   760 | D:4      | Reached XP level 7. HP: 44/68 MP: 6/6
   780 | D:5      | Entered Level 5 of the Dungeon
   780 | D:5      | XOM: cast spell 'Olgreb's Toxic Radiance'
   782 | D:5      | Noticed 4thArraOfDagon's ghost (average CeBe)
   787 | D:5      | XOM: swap monsters
   791 | D:5      | Killed Pikel
   791 | D:5      | Reached skill level 7 in Unarmed Combat
   792 | D:5      | XOM: summons friendly white imp
   796 | D:5      | XOM: enchant monster (bad)
   864 | D:6      | XOM: confuse monster(s)
   874 | D:6      | Reached XP level 8. HP: 60/79 MP: 7/7
   882 | D:6      | XOM: god gift: 7 stones
   882 | D:6      | XOM: smoke on damage
   920 | D:5      | Found Piar's Book Shop.
   992 | D:6      | Found a shadowy altar of Dithmenos.
  1001 | D:6      | Found a glowing golden altar of the Shining One.
  1003 | D:6      | XOM: polymorph giant frog -> killer bee
  1040 | D:7      | Noticed a red ugly thing
  1051 | D:7      | XOM: enchant monster (good)
  1054 | D:7      | Noticed a brown ugly thing
  1127 | D:6      | XOM: confuse monster(s)
  1147 | D:7      | XOM: fog
  1193 | D:7      | Reached skill level 5 in Fighting
  1193 | D:7      | Reached skill level 8 in Unarmed Combat
  1222 | D:7      | Got a colourful robe
  1233 | D:7      | Identified the +3 robe of the Sun {Str+4 Dex+3 SInv} (You found it on level 7 of the Dungeon)
  1279 | D:7      | Reached skill level 5 in Dodging
  1475 | D:4      | Found a staircase to the Ecumenical Temple.
  1481 | D:4      | Found Bosi's Assorted Antiques.
  1484 | Temple   | Entered the Ecumenical Temple
  1540 | Temple   | Fell from the grace of Xom
  1540 | Temple   | Became a worshipper of Cheibriados the Contemplative
  1561 | D:4      | Bought a scroll labeled NIKUXUS JUAQE for 26 gold pieces
  1561 | D:4      | Bought a white potion for 23 gold pieces
  1598 | D:3      | Reached XP level 9. HP: 86/88 MP: 8/8
  1615 | D:4      | Reached skill level 1 in Invocations
  1671 | D:4      | Reached skill level 9 in Unarmed Combat
  1736 | D:4      | XOM: summons 14 hostile demons
  1847 | D:5      | Killed 4thArraOfDagon's ghost
  1928 | D:5      | Acquired Cheibriados's first power
  2202 | D:8      | XOM: draining
  2288 | D:7      | XOM: mild Ice miscast
  2346 | D:8      | XOM: 1-stop teleportation journey
  2466 | D:8      | Reached skill level 10 in Unarmed Combat
  2491 | D:9      | XOM: noise
  2494 | D:9      | Found a sparkling altar of Nemelex Xobeh.
  2555 | D:9      | Noticed a gargoyle
  2569 | D:9      | Killed a gargoyle
  2606 | D:9      | Acquired Cheibriados's second power
  2639 | D:9      | Reached skill level 1 in Evocations
  2645 | D:9      | Learned a level 4 spell: Condensation Shield
  2654 | D:9      | Reached XP level 10. HP: 93/98 MP: 11/11
  2715 | D:9      | XOM: medium Hex miscast
  2728 | D:9      | Noticed Grum
  2738 | D:9      | Killed Grum
  2793 | D:10     | Entered Level 10 of the Dungeon
  2804 | D:10     | XOM: harmless Chrm miscast
  2821 | D:10     | XOM: harmless Conj miscast
  2837 | D:10     | Acquired Cheibriados's third power
  3036 | D:11     | Noticed an unseen horror
  3048 | D:11     | Killed an unseen horror
  3065 | D:11     | Reached skill level 11 in Unarmed Combat
  3125 | D:11     | Found a labyrinth entrance.
  3125 | D:11     | Noticed Nergalle
  3133 | D:11     | Killed Nergalle
  3140 | D:11     | Acquired Cheibriados's fourth power
  3149 | Lab      | Entered a labyrinth
  3175 | Lab      | Reached XP level 11. HP: 106/109 MP: 13/13
  3222 | Lab      | Found an exit through the horrors of the Abyss.
  3289 | Lab      | XOM: mild Hex miscast
  3556 | Lab      | XOM: noise
  3569 | Lab      | Reached skill level 5 in Invocations
  3755 | Lab      | XOM: mild Necr miscast
  3963 | Lab      | XOM: 2-stop teleportation journey
  4131 | Lab      | Noticed a minotaur
  4136 | Lab      | Killed a minotaur
  4136 | Lab      | Reached skill level 12 in Unarmed Combat
  4162 | Lab      | Learned a level 6 spell: Statue Form
  4288 | D:12     | XOM: mild Necr miscast
  4320 | D:12     | Found a staircase to the Orcish Mines.
  4324 | Orc:1    | Entered Level 1 of the Orcish Mines
  4334 | Orc:1    | Reached skill level 1 in Earth Magic
  4335 | Orc:1    | Reached skill level 1 in Transmutations
  4353 | Orc:2    | Noticed Harold
  4353 | Orc:2    | Noticed an orc warlord
  4410 | Orc:1    | Found a roughly hewn altar of Beogh.
  4523 | Orc:2    | Noticed Josephine
  4524 | Orc:2    | Noticed Erolcha
  4541 | Orc:1    | Killed Josephine
  4541 | Orc:1    | Reached skill level 1 in Spellcasting
  4583 | Orc:2    | Killed Erolcha
  4606 | Orc:2    | XOM: mild Erth miscast
  4639 | Orc:2    | Noticed Fannar
  4651 | Orc:2    | Killed Fannar
  4675 | Orc:2    | XOM: mild Summ miscast
  4701 | Orc:2    | Noticed Urug
  4713 | Orc:2    | Killed Urug
  4713 | Orc:2    | Reached XP level 12. HP: 74/116 MP: 15/15
  4843 | Orc:4    | Entered Level 4 of the Orcish Mines
  4966 | Orc:3    | Noticed Rupert
  4982 | Orc:4    | Killed Rupert
  4982 | Orc:4    | Reached skill level 5 in Earth Magic
  5006 | Orc:3    | Found a roughly hewn altar of Beogh.
  5200 | Orc:3    | Killed Harold
  5200 | Orc:3    | Reached skill level 5 in Transmutations
  5295 | Orc:4    | Found a staircase to the Elven Halls.
  5536 | Orc:4    | Noticed an orc warlord
  5744 | Orc:4    | XOM: medium Air miscast
  5834 | Orc:4    | Reached XP level 13. HP: 108/122 MP: 16/16
  5919 | Orc:4    | Found a roughly hewn altar of Beogh.
  5989 | Orc:4    | XOM: stat loss: -2 Str (38/40)
  6144 | Orc:4    | Found Qoiros's General Store.
  6145 | Orc:4    | Found Guun's Book Emporium.
  6146 | Orc:4    | Found Ytuaz's Antique Armour Shoppe.
  6146 | Orc:4    | Found Toregev's Antique Weapon Shoppe.
  6160 | Orc:4    | Bought a scroll of teleportation for 36 gold pieces
  6160 | Orc:4    | Bought a potion of magic for 96 gold pieces
  6160 | Orc:4    | Bought 3 scrolls of identify for 72 gold pieces
  6160 | Orc:4    | Bought a scroll of summoning for 114 gold pieces
  6161 | Orc:4    | Bought a book of Necromancy for 390 gold pieces
  6164 | Orc:4    | Learned a level 2 spell: Repel Missiles
  6167 | Orc:4    | Learned a level 2 spell: Blink
  6171 | Orc:4    | Learned a level 3 spell: Regeneration
  6173 | Orc:4    | Learned a level 1 spell: Animate Skeleton
  6245 | Orc:4    | Killed an orc warlord
  6499 | Orc:1    | Killed an orc warlord
  6542 | Elf:1    | Entered Level 1 of the Elven Halls
  6575 | Elf:1    | Got a bloodstained mace
  6576 | Elf:1    | Identified the cursed +2 mace of Beogh's Vengeance {freeze, rN+ Stlth+} (You found it on level 1 of the Elven Halls)
  6884 | Elf:1    | Noticed a deep elf demonologist
  6888 | Elf:1    | Noticed a Hell Sentinel
  6893 | Elf:1    | Killed a deep elf demonologist
  6927 | Elf:1    | Identified Sif Muna's Tome of Calling
  6962 | Elf:1    | XOM: scenery: 1 doors close
  6991 | Elf:1    | XOM: give mutations
  6991 | Elf:1    | Gained mutation: You are frail (-10% HP). [Xom's mischief]
  6991 | Elf:1    | Gained mutation: Scrolls take you a little longer to read. [Xom's mischief]
  6994 | Elf:1    | Noticed a deep elf demonologist
  7073 | Elf:1    | XOM: medium Tloc miscast
  7099 | Elf:2    | XOM: noise
  7109 | Elf:2    | Found a radiant altar of Vehumet.
  7112 | Elf:2    | Found Agucec's Assorted Antiques.
  7125 | Elf:2    | Bought a scroll of blinking for 180 gold pieces
  7125 | Elf:2    | Bought a scroll labeled BUUN TYQIC for 24 gold pieces
  7125 | Elf:2    | Bought a scroll labeled GEMEPIS WEUT for 24 gold pieces
  7125 | Elf:2    | Bought a peridot ring for 120 gold pieces
  7127 | Elf:2    | Reached skill level 5 in Spellcasting
  7127 | Elf:2    | Reached XP level 14. HP: 117/117 MP: 21/21
  7144 | Elf:2    | Found a runed gate.
  7148 | Elf:2    | Found a runed gate.
  7149 | Elf:2    | Found a runed gate.
  7157 | Elf:2    | Got a dazzling morningstar
  7184 | Elf:3    | Entered Level 3 of the Elven Halls
  7250 | Elf:3    | XOM: medium Summ miscast
  7651 | Elf:2    | Reached skill level 10 in Earth Magic
  7668 | Elf:2    | Reached XP level 15. HP: 113/124 MP: 20/23
  7678 | Elf:2    | XOM: polymorph deep elf knight -> alligator
  7727 | Elf:3    | XOM: medium Necr miscast
  7799 | Elf:3    | Noticed a deep elf sorcerer
  7806 | Elf:3    | Killed a deep elf sorcerer
  7829 | Elf:3    | Noticed a deep elf sorcerer
  7833 | Elf:3    | Killed a deep elf sorcerer
  7916 | Elf:3    | Noticed a deep elf sorcerer
  7924 | Elf:3    | Killed a deep elf sorcerer
  7980 | Elf:3    | Got a polished flail
  8073 | Elf:3    | Noticed a deep elf blademaster
  8091 | Elf:3    | Got a fine marble ring
  8093 | Elf:3    | Identified the ring "Naahirgh" {MR++ EV+4} (You took it off a deep elf knight on level 3 of the Elven Halls)
  8163 | Elf:3    | Killed a deep elf blademaster
  8222 | Elf:3    | XOM: chaos cloud
  8230 | Elf:3    | Noticed a deep elf sorcerer
  8231 | Elf:3    | Noticed a Shadow Fiend
  8234 | Elf:3    | Noticed a deep elf master archer
  8237 | Elf:3    | Killed a deep elf sorcerer
  8246 | Elf:3    | Killed a deep elf master archer
  8264 | Elf:3    | Reached skill level 13 in Unarmed Combat
  8284 | Elf:3    | Identified the Grimoire of Dark Magic
  8356 | Elf:3    | Noticed a deep elf sorcerer
  8357 | Elf:3    | Noticed a deep elf blademaster
  8362 | Elf:3    | Killed a deep elf blademaster
  8365 | Elf:3    | Killed a deep elf sorcerer
  8380 | Elf:3    | Noticed a deep elf master archer
  8386 | Elf:3    | Killed a deep elf master archer
  8430 | Elf:3    | Identified the Handbook of Creative Dark Secrets (You found it on level 3 of the Elven Halls)
  8446 | Elf:3    | Got an ancient steel ring
  8457 | Elf:3    | Identified the cursed ring "Kimaunop" {rElec rN+ AC-2 Str+4 Int-3} (You found it on level 3 of the Elven Halls)
  8553 | Elf:2    | Reached XP level 16. HP: 135/135 MP: 24/24
  8576 | Elf:2    | Noticed Azrael
  8581 | Elf:2    | Reached skill level 1 in Charms
  8586 | Elf:2    | Killed Azrael
  8586 | Elf:2    | Reached skill level 1 in Necromancy
  8823 | D:10     | Identified the +5 morningstar of the Swamp {flame, +Fly} (You found it on level 2 of the Elven Halls)
  8827 | D:10     | :)
  8848 | D:10     | XOM: 1-stop teleportation journey
  8848 | D:10     | Was forgiven by Xom
  8858 | D:10     | bye Xom
  8858 | D:10     | will meet you again at death
  8893 | D:10     | Found a staircase to the Lair.
  8893 | D:10     | Noticed an elephant
  8898 | D:10     | Killed an elephant
  8919 | Lair:1   | Entered Level 1 of the Lair of Beasts
  9296 | Lair:7   | fuckin lab
  9400 | Lair:8   | Entered Level 8 of the Lair of Beasts
  9486 | Lair:8   | Learned a level 2 spell: Stoneskin
  9602 | Lair:6   | Found a staircase to the Shoals.
  9611 | Shoals:1 | Entered Level 1 of the Shoals
  9825 | Shoals:2 | Noticed Roxanne
  9831 | Shoals:2 | Killed Roxanne
  9843 | Shoals:2 | Identified Roxanne's Incunabulum of Earthen Transmigration (You took it off Roxanne on level 2 of the Shoals)
  9882 | Shoals:2 | Reached skill level 14 in Unarmed Combat
  9931 | Shoals:1 | Gained mutation: You can spit weak poison. [potion of mutation]
  9985 | Shoals:4 | Entered Level 4 of the Shoals
 10032 | Shoals:4 | Noticed Ilsuiw
 10085 | Shoals:4 | Killed Ilsuiw
 10297 | Shoals:4 | Learned a level 1 spell: Apportation
 10388 | Shoals:4 | Reached XP level 17. HP: 146/146 MP: 25/25
 10391 | Shoals:4 | Reached skill level 1 in Translocations
 10407 | Shoals:4 | Got a barnacled rune of Zot
 10581 | Shoals:4 | Reached skill level 15 in Unarmed Combat
 10773 | Shoals:1 | Noticed Louise
 10797 | Shoals:1 | Killed Louise
 10866 | Lair:6   | Found a staircase to the Snake Pit.
 10885 | Snake:1  | Entered Level 1 of the Snake Pit
 10965 | Snake:2  | Reached skill level 1 in Shields
 10981 | Snake:2  | Reached skill level 10 in Fighting
 11071 | Snake:3  | Noticed Mara
 11072 | Snake:3  | Noticed 4thArraOfDagon's illusion
 11079 | Snake:3  | Killed Mara
 11227 | Snake:4  | Entered Level 4 of the Snake Pit
 11296 | Snake:4  | Found a bloodstained altar of Trog.
 11375 | Snake:4  | Reached skill level 10 in Dodging
 11427 | Snake:4  | Reached skill level 16 in Unarmed Combat
 11431 | Snake:4  | Reached skill level 10 in Invocations
 11432 | Snake:4  | Reached XP level 18. HP: 156/156 MP: 26/26
 11540 | Snake:4  | Got a serpentine rune of Zot
 11541 | Snake:4  | pump it
 11653 | Lair:6   | Found a viscous altar of Jiyva.
 11653 | Lair:6   | Found a staircase to the Slime Pits.
 11671 | Slime:1  | Entered Level 1 of the Pits of Slime
 11681 | Slime:1  | Reached skill level 5 in Shields
 11722 | Slime:3  | Noticed Dissolution
 11791 | Slime:6  | Entered Level 6 of the Pits of Slime
 11886 | Slime:6  | Noticed the royal jelly
 11896 | Slime:6  | your royal jelly (ally) was killed
 11899 | Slime:6  | Found a viscous altar of Jiyva.
 12551 | Slime:6  | Killed the royal jelly
 12610 | Slime:6  | Got a slimy tin ring
 12610 | Slime:6  | Identified Khufu's Collected Works on Black Rites (You found it on level 6 of the Pits of Slime)
 12613 | Slime:6  | Identified the ring of the Lizard {SustAt Int+2} (You found it on level 6 of the Pits of Slime)
 12622 | Slime:6  | Learned a level 7 spell: Controlled Blink
 12641 | Slime:6  | Got a slimy rune of Zot
 12659 | Slime:6  | Identified Borgnjor's Compendium of Black Secrets
 12668 | Slime:6  | Got a slimy platinum ring
 12668 | Slime:6  | Identified the Grimoire of the Unholy Entourage (You found it on level 6 of the Pits of Slime)
 12672 | Slime:6  | Identified the ring of Xetualao {MR+ Str-5 Int+2 Dex+5 Stlth+} (You found it on level 6 of the Pits of Slime)
 12776 | Slime:4  | Reached skill level 17 in Unarmed Combat
 12869 | Slime:3  | Reached XP level 19. HP: 164/164 MP: 10/27
 12907 | Lair:6   | Upgraded the game from 0.17-a0-1840-g87820a2 to 0.17-a0-1842-gacc33f2
 13006 | D:10     | Got a steaming ivory ring
 13008 | D:10     | Identified the ring of Gozag's Supremacy {+Fly MR+ MP+9 Stlth-} (You found it on level 10 of the Dungeon)
 13216 | D:14     | Found Ufuyfur's Gadget Shoppe.
 13276 | D:14     | Found Siram's Weapon Shoppe.
 13380 | D:13     | Got a slimy golden amulet
 13382 | D:13     | Identified the amulet of Grace {Clar Int+7} (You found it on level 13 of the Dungeon)
 13472 | D:13     | Found a gate to the Vaults.
 13502 | Vaults:1 | Entered Level 1 of the Vaults
 13605 | Vaults:1 | You fall through a shaft!
 13894 | Vaults:3 | Reached skill level 5 in Translocations
 14044 | Vaults:3 | Found Dous's Antique Weapon Emporium.
 14068 | Vaults:3 | Found Pojun's Weapon Emporium.
 14130 | Vaults:3 | Found a bloodstained altar of Trog.
 14132 | Vaults:3 | Found Alia's Antique Armour Shop.
 14191 | Vaults:3 | uhh
 14240 | Vaults:3 | Found Wiokkypp's Armour Emporium.
 14363 | Vaults:4 | Found Xaex's Book Emporium.
 14486 | Vaults:4 | Found Cuynat's Antique Armour Shoppe.
 14568 | Vaults:4 | Found Riatoasu's Assorted Antiques.
 14577 | Vaults:4 | Bought an ancient brass ring for 135 gold pieces
 14577 | Vaults:4 | Bought a scroll of magic mapping for 94 gold pieces
 14577 | Vaults:4 | Bought a scroll of fog for 54 gold pieces
 14577 | Vaults:4 | Bought a scroll of fog for 54 gold pieces
 14577 | Vaults:4 | Bought a potion of agility for 108 gold pieces
 14579 | Vaults:4 | Identified the ring of Kiegeaj {+Inv rN+ Int+2} (You bought it in a shop on level 4 of the Vaults)
 14666 | Vaults:4 | Found Tepluzao's Antique Armour Boutique.
 14746 | Vaults:5 | Entered Level 5 of the Vaults
 14749 | Vaults:5 | Noticed Boris
 14816 | Vaults:4 | Reached XP level 20. HP: 173/173 MP: 28/28
 14833 | Vaults:4 | Reached skill level 10 in Shields
 15151 | Vaults:5 | Noticed a golden dragon
 15222 | Vaults:4 | Killed a golden dragon
 15261 | Vaults:4 | Killed Boris
 15266 | Vaults:4 | Got a smoking pewter ring
 15294 | Vaults:4 | Identified the ring of the Priest {rC+ Str+3 Dex+3} (You took it off a vault sentinel on level 4 of the Vaults)
 15435 | Vaults:5 | Noticed an ancient lich
 15474 | Vaults:5 | Noticed a golden dragon
 15500 | Vaults:5 | Killed an ancient lich
 15579 | Vaults:5 | Reached XP level 21. HP: 179/179 MP: 30/30
 15583 | Vaults:5 | Reached skill level 10 in Translocations
 15618 | Vaults:5 | Killed a golden dragon
 15641 | Vaults:5 | Learned a level 5 spell: Phase Shift
 15819 | Vaults:5 | Identified 3 scrolls of acquirement
 15894 | Vaults:5 | Noticed a golden dragon
 15899 | Vaults:5 | Killed a golden dragon
 15927 | Vaults:5 | Got an ichor-stained cloak
 15945 | Vaults:5 | Identified the +2 cloak "Kianem" {Slay+6 SInv} (You acquired it on level 5 of the Vaults)
 16015 | Vaults:5 | Got a pitted large shield
 16026 | Vaults:5 | Identified the +0 large shield of Freedom {rElec Str+9 Int-2} (You acquired it on level 5 of the Vaults)
 16121 | Vaults:5 | Got a silver rune of Zot
 16548 | Vaults:2 | Found Weygre's Assorted Antiques.
 16555 | Vaults:2 | Bought a pearl ring for 170 gold pieces
 16900 | Vaults:3 | Found a staircase to the Crypt.
 16909 | Crypt:1  | Entered Level 1 of the Crypt
 16934 | Crypt:1  | Noticed Saint Roka
 16951 | Vaults:3 | Killed Saint Roka
 16998 | Crypt:1  | You fall through a shaft!
 17042 | Crypt:3  | Entered Level 3 of the Crypt
 17163 | Crypt:3  | Reached XP level 22. HP: 187/187 MP: 33/33
 17164 | Crypt:3  | Found a staircase to the Tomb.
 17192 | Tomb:1   | Entered Level 1 of the Tomb of the Ancients
 17252 | Tomb:1   | Noticed a greater mummy
 17259 | Tomb:1   | Killed a greater mummy
 17520 | Tomb:1   | Noticed Frederick
 17528 | Tomb:1   | Killed Frederick
 17582 | Tomb:2   | Noticed a greater mummy
 17582 | Tomb:2   | Noticed a greater mummy
 17584 | Tomb:2   | Noticed a greater mummy
 17584 | Tomb:2   | Noticed a greater mummy
 17685 | Tomb:3   | Entered Level 3 of the Tomb of the Ancients
 17743 | Tomb:3   | Noticed a greater mummy
 17769 | Tomb:3   | Noticed a greater mummy
 17772 | Tomb:2   | Killed a greater mummy
 17811 | Tomb:3   | Noticed a greater mummy
 17906 | Tomb:3   | Noticed a greater mummy
 17906 | Tomb:3   | Noticed a greater mummy
 18008 | Tomb:2   | Killed a greater mummy
 18056 | Tomb:2   | Killed a greater mummy
 18082 | Tomb:2   | Killed a greater mummy
 18171 | Tomb:3   | Killed a greater mummy
 18200 | Tomb:3   | Noticed a greater mummy
 18205 | Tomb:3   | Noticed a greater mummy
 18206 | Tomb:3   | Killed a greater mummy
 18207 | Tomb:3   | Noticed a greater mummy
 18211 | Tomb:3   | Killed a greater mummy
 18211 | Tomb:3   | Reached skill level 15 in Shields
 18213 | Tomb:3   | Killed a greater mummy
 18213 | Tomb:3   | Reached XP level 23. HP: 159/195 MP: 35/35
 18285 | Tomb:3   | Lost mutation: Scrolls take you a little longer to read. [potion of cure mutation]
 18285 | Tomb:3   | Lost mutation: You are frail (-10% HP). [potion of cure mutation]
 18285 | Tomb:3   | Lost mutation: You are somewhat resistant to further mutation. [potion of cure mutation]
 18285 | Tomb:3   | Lost mutation: Your mind is very acute. (Int +4) [potion of cure mutation]
 18286 | Tomb:3   | Got a fine hat
 18289 | Tomb:3   | Identified the +1 hat "Opsu Zeb" {rPois rC+ Stlth-} (You found it on level 3 of the Tomb of the Ancients)
 18318 | Tomb:3   | Noticed a greater mummy
 18325 | Tomb:3   | Killed a greater mummy
 18344 | Tomb:3   | Got a golden rune of Zot
 18479 | Tomb:1   | Noticed a greater mummy
 18483 | Tomb:1   | Noticed a greater mummy
 18484 | Tomb:1   | Noticed a greater mummy
 19130 | D:15     | Entered Level 15 of the Dungeon
 19389 | D:15     | Found a staircase to the Depths.
 19393 | Depths:1 | Entered Level 1 of the Depths
 19393 | Depths:1 | Found a one-way gate to the infinite horrors of the Abyss.
 19597 | Depths:2 | Found a shimmering altar of Xom.
 19612 | Depths:2 | Got a faintly glowing robe
 19613 | Depths:2 | Identified the cursed +0 robe of the Blind Marksman {+Fly rPois Int-2 Stlth+} (You found it on level 2 of the Depths)
 19722 | Depths:3 | Found a one-way gate leading to the halls of Pandemonium.
 19739 | Pan      | Entered Pandemonium
 19741 | Pan      | Found a huge runed gate.
 19749 | Pan      | Noticed Ycopaept the pandemonium lord
 19758 | Pan      | Killed Ycopaept the pandemonium lord
 19850 | Pan      | Reached skill level 10 in Spellcasting
 19879 | Pan      | Found an exit through the horrors of the Abyss.
 19896 | Pan      | Noticed Vynkiq the pandemonium lord
 19902 | Pan      | Killed Vynkiq the pandemonium lord
 19902 | Pan      | Reached skill level 15 in Translocations
 20097 | Pan      | Reached XP level 24. HP: 209/225 MP: 36/36
 20239 | Pan      | Gained mutation: Your body sometimes deteriorates upon taking damage. [a neqoxec]
 20242 | Pan      | Noticed Ceasil the pandemonium lord
 20269 | Pan      | Killed Ceasil the pandemonium lord
 20391 | Pan      | Noticed Nukauhae the pandemonium lord
 20396 | Pan      | Killed Nukauhae the pandemonium lord
 20398 | Pan      | Gained mutation: Your magical capacity is low (-10% MP). [a cacodemon]
 20497 | Pan      | Entered the realm of Lom Lobon.
 20718 | Pan      | Reached skill level 15 in Dodging
 20793 | Pan      | Noticed Lom Lobon
 20805 | Pan      | Got a magical rune of Zot
 20854 | Pan      | Entered the realm of Cerebov.
 20973 | Pan      | Noticed Cerebov
 20998 | Pan      | Got a fine platinum ring
 20999 | Pan      | Identified the ring of Cizutis {Wiz Str+2 Dex+8 Slay-6 Stlth-} (You found it in Pandemonium)
 21026 | Pan      | Got an ancient silver ring
 21038 | Pan      | Learned a level 8 spell: Death's Door
 21038 | Pan      | Identified the ring "Zojuch" {+Inv +Fly rPois rF+ rN+} (You found it in Pandemonium)
 21064 | Pan      | Got a fiery rune of Zot
 21104 | Pan      | Entered the realm of Gloorx Vloq.
 21368 | Pan      | Noticed Gloorx Vloq
 21377 | Pan      | Killed Gloorx Vloq
 21377 | Pan      | Reached skill level 5 in Necromancy
 21377 | Pan      | Reached XP level 25. HP: 233/233 MP: 32/32
 21393 | Pan      | Got a dark rune of Zot
 21476 | Pan      | Reached skill level 5 in Charms
 21479 | Pan      | Gained mutation: Your body often deteriorates upon taking damage. [a cacodemon]
 21482 | Pan      | Gained mutation: You expend magic power (3 MP) to strengthen your wands. [a cacodemon]
 21482 | Pan      | Gained mutation: You tend to lose your temper in combat. [a cacodemon]
 21489 | Pan      | Noticed Ruzanwuh the pandemonium lord
 21497 | Pan      | Killed Ruzanwuh the pandemonium lord
 21557 | Pan      | Gained mutation: You often lose your temper in combat. [a cacodemon]
 21623 | Pan      | Noticed Lom Lobon
 21626 | Pan      | Found an exit through the horrors of the Abyss.
 21677 | Pan      | Found an exit through the horrors of the Abyss.
 21747 | Pan      | Took an exit into the Abyss.
 21747 | Abyss:1  | Escaped into the Abyss
 21750 | Abyss:1  | Found a corrupted altar of Lugonu.
 21891 | Abyss:2  | Gained mutation: You have an uncontrollable temper. [a neqoxec]
 22055 | Abyss:2  | Found a shimmering altar of Xom.
 22058 | Abyss:2  | Found a shimmering altar of Xom.
 22058 | Abyss:2  | Found a shimmering altar of Xom.
 22059 | Abyss:2  | Found a shimmering altar of Xom.
 22060 | Abyss:2  | Found a shimmering altar of Xom.
 22062 | Abyss:2  | Found a corrupted altar of Lugonu.
 22062 | Abyss:2  | Found a shimmering altar of Xom.
 22062 | Abyss:2  | Found a shimmering altar of Xom.
 22062 | Abyss:2  | Found a shimmering altar of Xom.
 22063 | Abyss:2  | Found a shimmering altar of Xom.
 22063 | Abyss:2  | Found a shimmering altar of Xom.
 22063 | Abyss:2  | Found a shimmering altar of Xom.
 22118 | Abyss:2  | Found an iron altar of Okawaru.
 22120 | Abyss:2  | Gained mutation: Your spells are a little easier to cast, but a little less powerful. [a neqoxec]
 22255 | Abyss:3  | Found a corrupted altar of Lugonu.
 22299 | Abyss:3  | Gained mutation: Scrolls take you a little longer to read. [a neqoxec]
 22350 | Abyss:3  | Gained mutation: Armour fits poorly on your strangely shaped body. [a neqoxec]
 22433 | Abyss:3  | Found a radiant altar of Vehumet.
 22663 | Abyss:4  | Paralysed by a giant eyeball for 3 turns
 22669 | Abyss:4  | Paralysed by a giant eyeball for 4 turns
 22673 | Abyss:4  | Paralysed by a giant eyeball for 3 turns
 22675 | Abyss:4  | Paralysed by a giant eyeball for 2 turns
 22760 | Abyss:4  | Reached skill level 10 in Necromancy
 22843 | Abyss:4  | Found a corrupted altar of Lugonu.
 22903 | Abyss:4  | Reached XP level 26. HP: 217/217 MP: 32/32
 22956 | Abyss:4  | Got an abyssal rune of Zot
 22976 | Abyss:4  | Paralysed by accursed screaming for 1 turns
 23033 | Abyss:4  | Found a corrupted altar of Lugonu.
 23079 | Depths:3 | Escaped the Abyss
 23081 | Pan      | Entered Pandemonium
 23124 | Pan      | Noticed Niusapho the pandemonium lord
 23125 | Pan      | Killed Niusapho the pandemonium lord
 23134 | Pan      | Got a demonic rune of Zot
 23171 | Pan      | Entered the realm of Mnoleg.
 23177 | Pan      | Gained mutation: Scrolls take you longer to read. [a cacodemon]
 23200 | Pan      | Gained mutation: You occasionally shout uncontrollably at your foes. [a cacodemon]
 23221 | Pan      | Gained mutation: Scrolls take you much longer to read. [a cacodemon]
 23222 | Pan      | Lost mutation: You have an uncontrollable temper. [a cacodemon]
 23281 | Pan      | Noticed Mnoleg
 23292 | Pan      | Gained mutation: You are frail (-10% HP). [a neqoxec]
 23295 | Pan      | Killed Mnoleg
 23295 | Pan      | Reached skill level 10 in Charms
 23326 | Pan      | Got a glowing rune of Zot
 23383 | Pan      | Noticed Cerebov
 23443 | Pan      | Noticed Lom Lobon
 23522 | Pan      | Killed Lom Lobon
 23596 | Pan      | Gained mutation: You are weak. (Str -2) [a cacodemon]
 23949 | Pan      | Noticed Cerebov
 23993 | Pan      | Noticed Pyaczate the pandemonium lord
 23995 | Pan      | Killed Pyaczate the pandemonium lord
 24037 | Depths:3 | Escaped Pandemonium
 24138 | Depths:3 | Found a gateway to Hell.
 24152 | Hell     | Entered the Vestibule of Hell
 24152 | Hell     | Noticed Geryon
 24266 | Hell     | Killed Geryon
 24303 | Hell     | Reached XP level 27. HP: 226/226 MP: 32/32
 24358 | Hell     | Found a gateway to the Iron City of Dis.
 24367 | Dis:1    | Entered Level 1 of the Iron City of Dis
 24367 | Dis:1    | Found a gateway to Hell.
 24483 | Dis:2    | Found a gateway to Hell.
 24638 | Dis:2    | Gained mutation: Your magical capacity is very low (-20% MP). [mutagenic glow]
 24660 | Dis:2    | Gained mutation: Your magical capacity is extremely low (-30% MP). [mutagenic glow]
 24683 | Dis:2    | Found a gateway to Hell.
 24710 | Dis:3    | Found a gateway to Hell.
 24783 | Dis:3    | Found a gateway to Hell.
 24835 | Dis:4    | Found a gateway to Hell.
 24862 | Dis:4    | Found a gateway to Hell.
 24876 | Dis:5    | Found a gateway to Hell.
 24876 | Dis:5    | Found a gateway to Hell.
 24876 | Dis:5    | Found a gateway to Hell.
 24879 | Dis:6    | Found a gateway to Hell.
 24927 | Dis:7    | Entered Level 7 of the Iron City of Dis
 25098 | Dis:7    | Noticed the Serpent of Hell
 25115 | Dis:7    | Killed the Serpent of Hell
 25135 | Dis:7    | Reached skill level 15 in Necromancy
 25239 | Dis:7    | Noticed Dispater
 25249 | Dis:7    | Killed Dispater
 25263 | Dis:7    | Gained mutation: You are very frail (-20% HP). [a cacodemon]
 25269 | Dis:7    | Got an iron rune of Zot
 25698 | Dis:7    | Found a gateway to Hell.
 25744 | Hell     | Found a gateway to the ashen valley of Gehenna.
 25775 | Geh:1    | Entered Level 1 of Gehenna
 25775 | Geh:1    | Found a gateway to Hell.
 25857 | Geh:1    | You fall through a shaft!
 25950 | Geh:2    | Found a gateway to Hell.
 25954 | Geh:3    | Found a gateway to Hell.
 25964 | Geh:3    | Found a gateway to Hell.
 26006 | Geh:5    | Found a gateway to Hell.
 26050 | Geh:6    | Found a gateway to Hell.
 26132 | Geh:7    | Entered Level 7 of Gehenna
 26132 | Geh:7    | Found a gateway to Hell.
 26132 | Geh:7    | Found a gateway to Hell.
 26132 | Geh:7    | Found a gateway to Hell.
 26353 | Geh:7    | Reached skill level 15 in Charms
 26556 | Geh:7    | ROTFL
 26831 | Geh:7    | Noticed Asmodeus
 26844 | Geh:7    | Killed Asmodeus
 26851 | Geh:7    | Got an obsidian rune of Zot
 27018 | Hell     | Noticed Murray
 27025 | Hell     | Killed Murray
 27076 | Hell     | Found a gateway to the decaying netherworld of Tartarus.
 27086 | Tar:1    | Entered Level 1 of Tartarus
 27086 | Tar:1    | Found a gateway to Hell.
 27116 | Tar:2    | Found a gateway to Hell.
 27201 | Tar:3    | Found a gateway to Hell.
 27201 | Tar:3    | Found a gateway to Hell.
 27411 | Tar:3    | Reached skill level 15 in Fighting
 27444 | Tar:4    | Found a gateway to Hell.
 27539 | Tar:4    | Found a gateway to Hell.
 27564 | Tar:5    | Found a gateway to Hell.
 27640 | Tar:5    | Found a gateway to Hell.
 27710 | Tar:6    | Found a gateway to Hell.
 27778 | Tar:6    | Found a gateway to Hell.
 27842 | Tar:7    | Entered Level 7 of Tartarus
 27842 | Tar:7    | Found a gateway to Hell.
 28307 | Tar:7    | Noticed Ereshkigal
 28322 | Tar:7    | Paralysed by Ereshkigal for 6 turns
 28325 | Tar:7    | HP: 5/289 [reaper/scythe of protection (17)]
 28325 | Tar:7    | HP: 1/289 [freezing wraith[the effects of Hell] (4)]
 28325 | Tar:7    | Mangled by a freezing wraith

Vault maps used:
D:1:      dpeg_arrival_boxes_within_box
D:2:      elyvilon_altar_5, st_stairs_13
D:3:      nicolae_overflow_hidden_temple, cheibrodos_ashenzari_chains,
          makhleb_blood_cavern_becter, first_bread, uniq_grinder, uniq_iyjb,
          uniq_sigmund
D:4:      minmay_temple_entry_trees, serial_shops, shop, enter_ossuary_4,
          nemelex_spade_bored_becter, uniq_pikel
D:5:      corexii_shantytown, serial_shops, shop
D:6:      nicolae_overflow_crystal_walls, kennysheep_little_box
D:7:      hangedman_cross_stitches, grunt_livestock
D:8:      serial_bayou_pond_e
D:9:      lemuel_crystal_altar, uniq_grum
D:10:     david_lair_generic, tso_metal_star
D:11:     special_room, lab_entry_generic, uniq_nergalle, uniq_erica
D:13:     grunt_vaults_entry_tiered, serial_shops, shop
D:14:     serial_shops, shop, shop
D:15:     grunt_enter_depths_snipers, serial_shops, nicolae_shop_behind_doors,
          hangedman_abyss_or_decor_lesser_grid
Temple:   chambers_temple_12
Lair:1:   lemuel_fruit_tree
Lair:3:   basic_altar
Lair:4:   minmay_lair_oklob_tunnel
Lair:5:   minmay_lair_venomous_thicket
Lair:6:   minmay_shoals_entry_hut, minmay_snake_entry_guardpost_small,
          slime_altar_1, infiniplex_staircase_pool_2
Lair:8:   hangedman_lair_caniforms_friends, hangedman_lair_tendril_chambers
Shoals:1: abandoned_shop, uniq_louise
Shoals:2: uniq_roxanne
Shoals:3: nicolae_shoals_wave_tunnel, uniq_aizul, uniq_polyphemus
Shoals:4: shoals_end_simple, shoal_ilsuiw
Snake:1:  basic_altar
Snake:2:  hangedman_cross_veins, grunt_ministairs_1, serial_bayou_crossing
Snake:3:  uniq_mara
Snake:4:  snake_pit, special_room, lemuel_oklob_altar
Slime:3:  uniq_dissolution
Slime:4:  nicolae_slime_barrier, cheibrodos_slime_lost_civilization_7
Orc:1:    basic_altar
Orc:2:    uniq_fannar, uniq_josephine, uniq_harold, uniq_erolcha, uniq_urug
Orc:3:    basic_altar, nicolae_orc_pool_cavern, uniq_rupert
Orc:4:    st_orc_congregation, basic_altar, mines2_lemuel
Elf:1:    eino_elf_arrival_customs, serial_shops, statue_bzr,
          minmay_elf_demonology, lemuel_blue_sif_altar
Elf:2:    basic_altar, serial_shops, nicolae_shop_overgrown_old_shop,
          eino_tiny_chamber, serial_sigils_hangedman_scratch, uniq_azrael
Elf:3:    elf_hall_gauntlet_wide, st_stairs_3, grunt_ministairs_3
Vaults:1: ontoclasm_vaults_ligature, grunt_vaults_swirl, v_misc_30,
          ontoclasm_vaults_loading_screen, nicolae_vaults_little_squares_6,
          vaults_room_pool, v_misc_26, vaults_room_hallway,
          vaults_dpeg_encased_lava, hangedman_vaults_maws,
          nicolae_vaults_alarming
Vaults:2: vaults_room_pool, ontoclasm_vaults_ring_large,
          hangedman_vaults_variations, vaults_mumra_minichess_inversion,
          nicolae_vaults_twisting_passages, hangedman_vaults_stream,
          vaults_room_grunt_arrival_checkpoint, st_more_cells, v_misc_15,
          v_misc_1, vaults_dpeg_cross, ontoclasm_vaults_decontamination,
          vaults_room_large_hall, serial_shops, nicolae_shop_crystal
Vaults:3: v_alt_pattern_2, v_misc_16, vaults_room_fancy_cross,
          hangedman_vaults_stagger, ontoclasm_vaults_fault,
          nicolae_vaults_three_branches, nicolae_vaults_mini_display_case,
          nicolae_vaults_stairing_the_circle, vaults_room_door_hall,
          blue_anna_dwarven_crypt, ontoclasm_vaults_loading_screen,
          nicolae_vaults_diagonal_hallway_7, nicolae_vaults_little_ls,
          basic_altar, serial_shops, shop, shop_fountains, nicolae_shop_trees,
          shop
Vaults:4: v_misc_13, hangedman_vaults_nails, ontoclasm_vaults_claustrophobia,
          ontoclasm_vaults_hangar, nicolae_vaults_display_case, v_misc_2,
          ontoclasm_vaults_gateway, v_rooms_3, v_pattern_3, serial_shops, shop,
          nicolae_shop_crystal, shop_fountains, nicolae_shop_trees
Vaults:5: uniq_boris
Crypt:1:  uniq_saint_roka
Crypt:2:  minivault_27, grunt_megastairs_3
Crypt:3:  evilmike_haunted_forest
Tomb:1:   uniq_frederick
Depths:1: minmay_misc_feat_plants, pf_hell_entry_great_geh, serial_shops, shop,
          abyss_entry, spider_trap, minmay_misc_feat_tiny,
          serial_sigils_hangedman_clutch, kennysheep_generic_room_3
Depths:2: minmay_nine_rooms, lightli_too_deep, lemuel_crystal_altar,
          abyss_entry, enter_trove_0, kilobyte_mutagenic_chamber,
          infiniplex_staircase_trident
Depths:3: kennysheep_ogre_elephant_herders, enter_ziggurat_d, moated_statue,
          abyss_entry_flame_altar, grunt_pan_entry_in_and_out, pf_coc_iceberg
Dis:5:    evilmike_ambush
Dis:7:    iron_city_of_dis, hangedman_dis_chains, nicolae_dis_lava_storage_tank
Geh:1:    nicolae_geh_sunburst
Geh:3:    lemuel_hellish_altar
Geh:4:    lemuel_elevator
Geh:7:    geh_hangedman
Tar:3:    grunt_deathspiral_small, hangedman_restless_catacombs
Tar:4:    nicolae_tar_cuneiform_heaven
Tar:7:    tar_minmay_river
Abyss:4:  abyss_rune_water_cross
Pan:      nicolae_pan_giant_door, evilmike_mini_pan_pillars, rand_demon_6,
          grunt_pan_spiral, rand_demon_2, pan_surprise,
          nicolae_pan_sigil_uleosi, nicolae_pan_double_arrow, rand_demon_6,
          nicolae_pan_sigil_itan, nicolae_pan_mnolegish_2, rand_demon_9,
          lom_lobon_spiral_st, evilmike_cerebov_lava, evilmike_gloorx_vloq_box,
          evilmike_mini_pan_T, evilmike_mini_pan_V, uniq_lom_lobon,
          uniq_cerebov, evilmike_mini_pan_branches, lemuel_hellion_island,
          nicolae_pan_cerebovesque_3, mnoleg, pan_blood_fountain_small,
          evilmike_mini_pan_rooms, uniq_cerebov, uniq_lom_lobon,
          nicolae_pan_gloorx_vloqian_2, evilmike_mini_pan_corner,
          nicolae_pan_hourglass, uniq_cerebov, grunt_pan_pentagram
Lab:      nicolae_lab_grate, nicolae_lab_grate_2, nicolae_lab_swirl,
          nicolae_lab_do_over, lab_hedge, labyrinth_fake_exit,
          nicolae_lab_arrow, nicolae_lab_stuck, nicolae_lab_checkerboard,
          nicolae_lab_x, nicolae_lab_quarters, nicolae_lab_dead_end,
          labyrinth_skeletal_remains

Action                   |  1- 3 |  4- 6 |  7- 9 | 10-12 | 13-15 | 16-18 | 19-21 | 22-24 | 25-27 || total
-------------------------+-------+-------+-------+-------+-------+-------+-------+-------+-------++-------
Melee: Unarmed           |   111 |    53 |   342 |   602 |   404 |   749 |   901 |   954 |  2283 ||  6399
Throw: Throwing net      |       |       |     2 |     2 |       |       |       |       |     1 ||     5
       Large rock        |       |       |       |       |       |       |       |       |    37 ||    37
 Cast: Repel Missiles    |       |       |       |       |     6 |    12 |     1 |     7 |     6 ||    32
       Statue Form       |       |       |       |       |    17 |    65 |    60 |    81 |   150 ||   373
       Stoneskin         |       |       |       |       |       |     6 |    47 |    65 |    41 ||   159
       Regeneration      |       |       |       |       |       |    27 |    60 |   119 |    96 ||   302
       Apportation       |       |       |       |       |       |    30 |    26 |    44 |    30 ||   130
       Controlled Blink  |       |       |       |       |       |       |       |     7 |    19 ||    26
       Phase Shift       |       |       |       |       |       |       |       |     1 |       ||     1
Invok: Temporal Distorti |       |       |       |     7 |     3 |     3 |     7 |    10 |    13 ||    43
       Slouch            |       |       |       |     7 |       |       |       |       |    18 ||    25
       Step From Time    |       |       |       |     1 |     1 |     4 |       |     2 |     2 ||    10
 Abil: End Transformatio |       |       |       |       |       |     1 |     1 |       |       ||     2
       Evoke Flight      |       |       |       |       |       |       |       |       |     1 ||     1
Evoke: Wand              |       |       |       |     7 |     7 |     8 |     2 |     7 |    15 ||    46
       Box of beasts     |       |       |       |     2 |     1 |     1 |       |       |       ||     4
       Deck              |       |       |       |       |       |     1 |       |       |       ||     1
       Sack of spiders   |       |       |       |       |       |     1 |       |       |       ||     1
       Phantom mirror    |       |       |       |       |       |     1 |       |       |       ||     1
       Phial of floods   |       |       |       |       |       |       |       |     1 |       ||     1
  Use: Potion            |     3 |     1 |     2 |     1 |     1 |     3 |     1 |     2 |     7 ||    21
       Scroll            |       |       |    12 |    12 |    13 |    19 |    17 |    18 |     3 ||    94
 Stab: Sleeping          |     2 |       |     1 |     2 |     5 |     3 |       |     2 |       ||    15
       Confused          |       |       |     1 |       |       |       |       |       |       ||     1
       Distracted        |       |       |       |     2 |       |     2 |       |     1 |     3 ||     8
       Petrified         |       |       |       |       |       |       |       |       |     1 ||     1
  Eat: Chunk             |     8 |     4 |    15 |    28 |    30 |    42 |    55 |    48 |    48 ||   278
       Pizza             |       |       |       |     7 |       |       |     1 |     1 |     2 ||    11
       Fruit             |       |       |       |     3 |       |     2 |       |       |     2 ||     7
       Meat ration       |       |       |       |     1 |       |       |       |     1 |     7 ||     9
       Beef jerky        |       |       |       |       |       |     7 |     2 |     3 |     3 ||    15
       Bread ration      |       |       |       |       |       |     2 |       |       |       ||     2
